[Event "Titled Tuesday Blitz June 20 Early 2023"]
[White "Khamdamova, Afruza"]
[Black "Mendonca, Leon Luke"]
[WhiteFideId "14210444"]
[BlackFideId "35028561"]
[WhiteElo "2312"]
[BlackElo "2464"]
[Result "0-1"]
[Round "3"]
[TimeControl "180+2"]
[Date "2023.06.20"]
[WhiteClock "0:00:00"]
[BlackClock "0:01:44"]
[Board "86"]

1. e4 Nf6 2. e5 Ng8 3. d4 d6 4. Nf3 Bg4 5. exd6 cxd6 6. h3 Bh5 7. Bc4 e6 8. O-O Nf6 9. Re1 Be7 10. Bf4 O-O 11. Nbd2 Nbd7 12. c3 Rc8 13. Bb3 a6 14. a4 Nb6 15. Qe2 Nbd5 16. Bg3 Re8 17. Ne4 Qb6 18. Bc2 Nxe4 19. Bxe4 Nf6 20. Bd3 Qc6 21. Qe3 Bxf3 22. Qxf3 Qxf3 23. gxf3 d5 24. a5 g6 25. Kg2 Nh5 26. Bh2 Red8 27. Rec1 Bd6 28. Bxd6 Rxd6 29. Bf1 Nf4+ 30. Kg1 Kg7 31. Ra4 Rdc6 32. Rb4 R8c7 33. Re1 g5 34. Ra1 h5 35. Ra3 Re7 36. Rab3 Rcc7 37. Rb6 Kf6 38. Rd6 Re8 39. Rbb6 Ke7 40. Kh2 Ng6 41. Bd3 Nf8 42. Bc2 Rec8 43. Ba4 Nh7 44. Kg1 Nf6 45. Kf1 h4 46. Ke2 Nh5 47. Kf1 Nf4 48. Bc2 Nxh3 49. Kg2 Nf4+ 50. Kh2 Nh5 51. Ba4 Ng7 52. Kg2 Nf5 53. Rd7+ Rxd7 54. Bxd7 Kxd7 55. Rxb7+ Rc7 56. Rb6 Rc6 57. Rb7+ Ke8 58. Rb8+ Ke7 59. Rg8 Kf6 60. Rb8 Ne7 61. Rb7 Ng6 62. Kh2 Ne7 63. Rb8 Nf5 64. Kg2 Nd6 65. Ra8 Nc4 0-1


[Site "https://www.chess.com"]

[Event "Titled Tuesday Blitz June 20 Early 2023"]
[White "Shapiro, Viktor"]
[Black "Vakhlamov, Igor L."]
[WhiteFideId "4175700"]
[BlackFideId "24126748"]
[WhiteElo "2212"]
[BlackElo "2407"]
[Result "1/2-1/2"]
[Round "3"]
[TimeControl "180+2"]
[Date "2023.06.20"]
[WhiteClock "0:00:14"]
[BlackClock "0:00:22"]
[Board "87"]

1. c4 c5 2. Nc3 Nf6 3. g3 d5 4. cxd5 Nxd5 5. Bg2 Nc7 6. Nf3 Nc6 7. O-O e5 8. d3 Be7 9. Bd2 O-O 10. a3 Be6 11. Rc1 Rc8 12. Na4 Na6 13. h4 f6 14. Be3 b6 15. h5 Qd7 16. h6 g6 17. Nc3 Nc7 18. Ne4 Nd5 19. Bd2 Rfd8 20. b4 cxb4 21. axb4 Ncxb4 22. Bxb4 Nxb4 23. Rxc8 Rxc8 24. Qb1 a5 25. Rd1 Rc2 26. d4 Qb5 27. dxe5 fxe5 28. Bf1 a4 29. e3 Qc6 30. Neg5 Bg4 31. Bg2 Qc3 32. Ne4 Qb2 33. Qxb2 Rxb2 34. Rc1 Rc2 35. Ra1 b5 36. Nxe5 Be6 37. Bf1 Bd5 38. Bxb5 Bxe4 39. Bxa4 Rb2 40. Bb5 Bf6 41. Bc4+ Kf8 42. Nd7+ Ke7 43. Ra7 Rb1+ 44. Bf1 Bd3 45. Ne5+ Ke6 46. Nxd3 Nxd3 47. Rxh7 Ne5 48. Kg2 g5 49. Ra7 Kf5 50. h7 Kg6 51. Ra6 Rb8 52. f4 gxf4 53. exf4 Nf7 54. Bd3+ Kg7 55. Ra7 Bd4 56. Rd7 Rd8 57. Rb7 Rc8 58. Be4 Rd8 59. g4 Be3 60. Kf3 Bc5 61. g5 Rf8 62. g6 Bd4 63. Bd5 Kxg6 64. Bxf7+ Kxh7 65. Bd5+ Kh6 66. Be4 Bg7 67. Kg4 Rf6 68. Rb8 Bf8 69. Rb7 Bg7 70. Rb5 Bf8 71. Rg5 Re6 72. Bf5 Rf6 73. Rg8 Bg7 74. Re8 Rf7 75. Re6+ Rf6 76. Re2 Bf8 77. Rh2+ Kg7 78. Rh7+ Kg8 79. Rd7 Bd6 80. Kg5 Be7 81. Rxe7 Rb6 82. Be6+ Kf8 83. Rf7+ Ke8 84. Kf6 Rb3 85. f5 Rh3 86. Rb7 Rh6+ 87. Ke5 Rh1 88. f6 Re1+ 89. Kd6 Rd1+ 90. Bd5 Rb1 91. Rb8+ Rxb8 92. Ke6 Kf8 93. Kf5 Rb6 94. Be6 Rb5+ 95. Kg6 Rb6 96. Bd5 Rb5 97. Be6 Rb2 98. Bd5 Rf2 99. Be6 Re2 100. Bd5 Re3 101. Bc4 Rg3+ 102. Kf5 Rc3 103. Bd5 Rc5 104. Ke5 Ra5 105. Kd6 Ra7 106. Ke5 Ra1 107. Kf5 Rd1 108. Ke5 Re1+ 109. Kf5 Rd1 110. Ke5 Rf1 111. Be6 Rf2 112. Bd5 Rh2 113. Be6 Rh5+ 114. Kf4 Rh2 115. Ke5 Rb2 116. Kf5 Rh2 117. Ke5 1/2-1/2


[Site "https://www.chess.com"]

[Event "Titled Tuesday Blitz June 20 Early 2023"]
[White "splendidkid"]
[Black "Yeritsyan, Hayk"]
[BlackFideId "13307320"]
[WhiteElo "2744"]
[BlackElo "2495"]
[Result "1-0"]
[Round "3"]
[TimeControl "180+2"]
[Date "2023.06.20"]
[WhiteClock "0:00:09"]
[BlackClock "0:00:00"]
[Board "88"]

1. d4 Nf6 2. Nf3 g6 3. c4 Bg7 4. Nc3 d5 5. Bg5 Ne4 6. Bf4 Nxc3 7. bxc3 dxc4 8. e3 O-O 9. Bxc4 c5 10. O-O Nc6 11. Rb1 b6 12. Qa4 Na5 13. Bd3 Bd7 14. Qa3 c4 15. Be4 Bc6 16. Bxc6 Nxc6 17. Qa4 Na5 18. h4 h6 19. e4 e6 20. Rfe1 Qe8 21. Qc2 Qc6 22. Qd2 Kh7 23. Ne5 Qb7 24. Ng4 h5 25. Ne5 Rad8 26. Qe2 Qc8 27. g3 f6 28. Nf3 Rde8 29. e5 f5 30. Red1 Rd8 31. Bg5 Rd5 32. Ne1 Qd7 33. Ng2 Bh6 34. Bxh6 Kxh6 35. Qd2+ Kg7 36. Qg5 Qd8 37. Nf4 Qxg5 38. Nxe6+ Kf7 39. Nxg5+ Ke7 40. Nh3 Rdd8 41. Nf4 Rg8 42. d5 Nb7 43. d6+ Kf7 44. Rb4 Rge8 45. e6+ Rxe6 46. Nxe6 Kxe6 47. Rxc4 Nxd6 48. Rcd4 Rd7 49. Kg2 b5 50. Kf3 a6 51. Kf4 Rd8 52. f3 Rd7 53. a3 Rd8 54. Re1+ Kf6 55. Rd5 Nf7 56. Rxd8 Nxd8 57. Ke3 Ke5 58. Kd3+ Kd5 59. Re8 Ne6 60. Rg8 f4 61. Rxg6 fxg3 62. Rxg3 Ke5 63. Ke3 Kf5 64. f4 1-0


[Site "https://www.chess.com"]

[Event "Titled Tuesday Blitz June 20 Early 2023"]
[White "Kim, Yoon-Young"]
[Black "Bruedigam, Martin"]
[WhiteFideId "30908779"]
[BlackFideId "24608033"]
[WhiteElo "2217"]
[BlackElo "2331"]
[Result "1/2-1/2"]
[Round "3"]
[TimeControl "180+2"]
[Date "2023.06.20"]
[WhiteClock "0:00:19"]
[BlackClock "0:00:03"]
[Board "89"]

1. c4 e5 2. Nc3 Bb4 3. e3 Bxc3 4. dxc3 d6 5. Ne2 Nf6 6. Ng3 h6 7. Be2 Be6 8. O-O Nbd7 9. f4 Nb6 10. b3 Qe7 11. e4 exf4 12. Bxf4 Nbd7 13. Qd4 O-O 14. Rae1 Ng4 15. Nf5 Bxf5 16. exf5 Nge5 17. Bg3 a6 18. Bh4 Nf6 19. Bd1 Rfe8 20. Re3 Qf8 21. Bxf6 gxf6 22. Qf4 Kh7 23. Rg3 Nc6 24. Bf3 Re5 25. h3 Rae8 26. Kh2 Re1 27. Rxe1 Rxe1 28. Bh5 Re5 29. b4 Ne7 30. Bg4 a5 31. Bf3 b6 32. Be4 c6 33. a3 d5 34. cxd5 Nxd5 35. Qh4 Qd6 36. Qg4 Qf8 37. c4 Ne7 38. Qh4 Ng8 39. Qg4 axb4 40. axb4 c5 41. b5 Ne7 42. Qh4 Ng8 43. Bd5 Kh8 44. Qh5 Re7 45. Rg4 Kh7 46. Rg3 Kh8 47. Qg4 Kh7 48. Qf4 Re5 49. Qf3 Ne7 50. Be4 Qb8 51. Qg4 Qf8 52. Kh1 Ng8 53. Qh4 Re7 54. Bd5 Re5 55. Qh5 Re7 56. Kh2 Kh8 1/2-1/2


[Site "https://www.chess.com"]

[Event "Titled Tuesday Blitz June 20 Early 2023"]
[White "De La Villa Garcia, Jesus Maria"]
[Black "Aradhya, Garg"]
[WhiteFideId "2200040"]
[BlackFideId "25006746"]
[WhiteElo "2493"]
[BlackElo "2263"]
[Result "1-0"]
[Round "3"]
[TimeControl "180+2"]
[Date "2023.06.20"]
[WhiteClock "0:00:33"]
[BlackClock "0:00:01"]
[Board "90"]

1. c4 c5 2. Nf3 Nc6 3. d4 cxd4 4. Nxd4 Nf6 5. Nc3 e6 6. g3 d5 7. Bg2 Bc5 8. Nb3 Bb6 9. cxd5 exd5 10. Bg5 Bxf2+ 11. Kf1 Be6 12. e3 h6 13. Bf4 Ng4 14. Nxd5 O-O 15. h3 Bxd5 16. Qxg4 f5 17. Qe2 Bxb3 18. axb3 g5 19. Rd1 Qe7 20. Bd6 Qxe3 21. Bxf8 Rxf8 22. Qxf2 Qe5 23. Kg1 f4 24. Kh2 Qc7 25. gxf4 Rxf4 26. Qg3 Ne5 27. Rhf1 Ng6 28. Rxf4 Nxf4 29. Kh1 Qc2 30. Rf1 Kh7 31. Re1 Qxb2 32. Be4+ Kg7 33. Bxb7 a5 34. Qe3 a4 35. Qe7+ Kg6 36. Be4+ Kh5 37. bxa4 Qf2 38. Bc6 Kh4 39. Qe3 Qc2 40. Be4 Qxa4 41. Qf2+ Kh5 42. Bf3+ Kg6 43. Qe3 Qb4 44. Qe8+ Kf6 45. Qe5+ Kg6 46. Rc1 Qb6 47. Rc6+ Qxc6 48. Bxc6 Kh5 49. Qf5 Kh4 50. Qg4# 1-0


[Site "https://www.chess.com"]

[Event "Titled Tuesday Blitz June 20 Early 2023"]
[White "Przybylski, Wojciech"]
[Black "Nazari, Arad"]
[WhiteFideId "1117599"]
[BlackFideId "12577324"]
[WhiteElo "2228"]
[BlackElo "2175"]
[Result "0-1"]
[Round "3"]
[TimeControl "180+2"]
[Date "2023.06.20"]
[WhiteClock "0:00:02"]
[BlackClock "0:00:26"]
[Board "91"]

1. d4 Nf6 2. c4 g6 3. Nf3 Bg7 4. g3 O-O 5. Bg2 c6 6. O-O d5 7. b3 a5 8. a4 Ne4 9. Bb2 Nd7 10. Nbd2 Ndf6 11. Ne5 Nxd2 12. Qxd2 Qb6 13. Qe3 Be6 14. Ba3 Rfe8 15. c5 Qc7 16. f3 Nd7 17. Nd3 Bf5 18. Ne5 Nxe5 19. dxe5 Qxe5 20. Qxe5 Bxe5 21. Rac1 Bd4+ 22. Kh1 Be3 23. Ra1 Bc2 24. Ra2 Bxb3 25. Rb2 Bxa4 26. Rxb7 Bb5 27. Re1 e5 28. Bf1 Reb8 29. Re7 f6 30. Bh3 Re8 31. Rd7 f5 32. g4 f4 33. g5 Bd2 34. Rd1 Bb4 35. Bxb4 axb4 36. Rb1 Bxe2 37. Rxb4 Bxf3+ 38. Kg1 Reb8 39. Rxb8+ Rxb8 40. Be6+ Kh8 41. Re7 d4 42. Bd7 Rd8 43. Kf2 Bh1 44. Bg4 e4 45. Kg1 Bf3 46. Bxf3 exf3 47. Kf2 d3 48. Re1 d2 49. Rd1 Rd3 50. h4 Kg7 51. Kf1 Kf7 52. Kf2 Ke6 53. Kg1 Kd5 54. Kh2 Kxc5 55. h5 Kd4 56. h6 c5 57. Kh3 Ke4 58. Kg4 c4 59. Ra1 d1=Q 60. Rxd1 Rxd1 61. Kh3 Kf5 62. Kh4 c3 63. Kh3 Kxg5 64. Kh2 Kxh6 65. Kh3 Kg5 66. Kh2 Kf5 67. Kh3 g5 68. Kh2 Rd6 69. Kg1 g4 70. Kf2 h5 71. Kf1 g3 72. Ke1 h4 73. Kf1 h3 0-1


[Site "https://www.chess.com"]

[Event "Titled Tuesday Blitz June 20 Early 2023"]
[White "Fernandez Guillen, Ernesto J."]
[Black "Rios Escobar, Adan"]
[WhiteFideId "3512428"]
[BlackFideId "3403645"]
[WhiteElo "2434"]
[BlackElo "2489"]
[Result "1-0"]
[Round "3"]
[TimeControl "180+2"]
[Date "2023.06.20"]
[WhiteClock "0:01:15"]
[BlackClock "0:00:00"]
[Board "92"]

1. e4 c5 2. Nf3 d6 3. d4 cxd4 4. Nxd4 Nf6 5. Nc3 a6 6. Bc4 e6 7. Bb3 b5 8. f3 Qd7 9. Be3 Nc6 10. Qd2 Nxd4 11. Bxd4 Bb7 12. g4 Qc7 13. g5 Nd7 14. O-O-O Rc8 15. Kb1 Ne5 16. Qf2 Bc6 17. Rhe1 Qb7 18. f4 Nc4 19. f5 e5 20. Be3 Bxe4 21. Nxe4 Qxe4 22. Bd4 Qc6 23. Bxc4 bxc4 24. f6 Qc7 25. Bxe5 dxe5 26. Qf5 Be7 27. fxe7 1-0


[Site "https://www.chess.com"]

[Event "Titled Tuesday Blitz June 20 Early 2023"]
[White "Veiga, Jose Francisco R P Neves"]
[Black "Vafin, Ayrat"]
[WhiteFideId "1930087"]
[BlackFideId "4146530"]
[WhiteElo "2319"]
[BlackElo "2317"]
[Result "1-0"]
[Round "3"]
[TimeControl "180+2"]
[Date "2023.06.20"]
[WhiteClock "0:00:15"]
[BlackClock "0:00:00"]
[Board "93"]

1. c4 e6 2. Nc3 d5 3. e3 Nf6 4. Nf3 Be7 5. b3 O-O 6. Bb2 b6 7. cxd5 exd5 8. Be2 Bb7 9. Rc1 a6 10. O-O Nbd7 11. d4 Bd6 12. Bd3 Qe7 13. Ne2 Ne4 14. Ng3 Nxg3 15. hxg3 f5 16. Qc2 g6 17. Ne5 Bxe5 18. dxe5 Nc5 19. b4 Ne6 20. Qb3 Rfc8 21. Ba3 Qd7 22. Rc3 Kg7 23. Rfc1 h5 24. Qd1 Rh8 25. Qe2 h4 26. Bb2 hxg3 27. Rxc7 Qxc7 28. Rxc7+ Nxc7 29. e6+ Kh6 30. Qf3 Nxe6 31. Qxg3 d4 32. Qh4+ Kg7 33. Qe7+ Kh6 34. exd4 Nf4 35. Bc1 g5 36. Bxf4 gxf4 37. Bxf5 1-0


[Site "https://www.chess.com"]

[Event "Titled Tuesday Blitz June 20 Early 2023"]
[White "Rahman, Masruri"]
[Black "Kokoszczynski, Jan"]
[WhiteFideId "7101163"]
[BlackFideId "1174460"]
[WhiteElo "2256"]
[BlackElo "2139"]
[Result "0-1"]
[Round "3"]
[TimeControl "180+2"]
[Date "2023.06.20"]
[WhiteClock "0:00:00"]
[BlackClock "0:00:05"]
[Board "94"]

1. d4 Nf6 2. Bf4 e6 3. e3 d5 4. Nd2 c5 5. c3 Nc6 6. Ngf3 Bd6 7. Bg3 O-O 8. Bd3 cxd4 9. exd4 b6 10. Ne5 Ne7 11. Bh4 Ng6 12. Bxg6 hxg6 13. Bg5 Qc7 14. Qe2 a5 15. h4 Ba6 16. Qe3 Bxe5 17. Qxe5 Qxe5+ 18. dxe5 Nd7 19. Nf3 Rfc8 20. Be3 Bd3 21. h5 gxh5 22. Rxh5 b5 23. Kd2 Bg6 24. Rh4 Rc4 25. Bd4 Rac8 26. Rah1 Kf8 27. Rf4 b4 28. Nh4 Bh7 29. Rh3 a4 30. Rhf3 a3 31. bxa3 bxc3+ 32. Bxc3 Rxf4 33. Rxf4 Ke8 34. Bd4 Rc2+ 35. Ke1 Rxa2 36. Rf3 Be4 37. Rc3 f6 38. exf6 gxf6 39. f3 Bh7 40. Kf1 e5 41. Bf2 Kf7 42. Kg1 Ke6 43. g4 d4 44. Rc6+ Kd5 45. Rc7 Kd6 46. Ra7 d3 47. Ng2 d2 48. Ne3 Ra1+ 49. Kg2 d1=Q 50. Nxd1 Rxd1 51. a4 Bd3 52. a5 Ra1 53. Be3 Ra3 54. Kg3 Bc4 55. Kf2 Bd5 56. Ra6+ Ke7 57. Ra7 Ke6 58. Ra6+ Ke7 59. Ra7 Kd8 60. g5 fxg5 61. Bxg5+ Kc8 62. Be3 Bb7 63. a6 Rxa6 64. Rxa6 Bxa6 65. f4 e4 66. Bd4 Kd8 67. Ke3 Bd3 68. f5 Ke8 69. Kf4 Kf7 70. Kg5 Nb8 71. Be3 Nc6 72. Kf4 Ke7 73. Bc5+ Kf7 74. Bf2 Nb4 75. Be1 Nd5+ 76. Ke5 Ne7 77. Bh4 Nc6+ 78. Kf4 Bb1 79. Bf2 Nb4 80. Bd4 Nd3+ 81. Ke3 Nb4 82. Kf4 Nc6 83. Be3 Kf6 84. Bf2 Kf7 85. Bh4 Nd4 86. Bf2 Nxf5 87. Be1 Ne7 88. Bd2 Ke6 89. Be1 Kd5 90. Ke3 Nc6 91. Ke2 Ne5 92. Kd1 e3 93. Bg3 Nc4 94. Ke2 Ke4 95. Ke1 Bd3 96. Bh4 Nd2 97. Bg3 Nf3+ 98. Kd1 Kf5 99. Kc1 Kg4 0-1


[Site "https://www.chess.com"]

[Event "Titled Tuesday Blitz June 20 Early 2023"]
[White "Delorme, Axel"]
[Black "Gorovets, Andrey"]
[WhiteFideId "632023"]
[BlackFideId "13504037"]
[WhiteElo "2478"]
[BlackElo "2459"]
[Result "1-0"]
[Round "3"]
[TimeControl "180+2"]
[Date "2023.06.20"]
[WhiteClock "0:02:22"]
[BlackClock "0:02:10"]
[Board "95"]

1. e4 c5 2. Nf3 d6 3. Bb5+ Nd7 4. Ba4 Nf6 5. O-O a6 6. c4 b6 7. Nc3 Bb7 8. d4 cxd4 9. Qxd4 e6 10. Rd1 Qc7 11. Bf4 e5 12. Nxe5 b5 13. Nxd7 1-0


[Site "https://www.chess.com"]

[Event "Titled Tuesday Blitz June 20 Early 2023"]
[White "Lamard, Guillaume"]
[Black "Morgunov, Anatoly"]
[WhiteFideId "600261"]
[BlackFideId "4145909"]
[WhiteElo "2413"]
[BlackElo "2237"]
[Result "1-0"]
[Round "3"]
[TimeControl "180+2"]
[Date "2023.06.20"]
[WhiteClock "0:00:37"]
[BlackClock "0:00:00"]
[Board "96"]

1. d4 e6 2. c4 Nf6 3. Nf3 b6 4. g3 Ba6 5. b3 Bb4+ 6. Bd2 Be7 7. Nc3 d5 8. cxd5 exd5 9. Bg2 Bb7 10. O-O O-O 11. Bf4 c5 12. h4 h6 13. e3 Na6 14. Rc1 Nc7 15. Re1 Ne6 16. Be5 Rc8 17. Qd3 a6 18. Red1 c4 19. Qb1 b5 20. bxc4 dxc4 21. d5 Nc5 22. d6 Nd3 23. dxe7 Qxe7 24. Rxd3 cxd3 25. Bd4 b4 26. Na4 Rxc1+ 27. Qxc1 Rc8 28. Qd1 Be4 29. Nb2 Qe6 30. Nxd3 Bxd3 31. Qxd3 Rc1+ 32. Bf1 Ne4 33. Kg2 Qg4 34. Ne5 Qf5 35. Nf3 Qg4 36. Qxa6 1-0


[Site "https://www.chess.com"]

[Event "Titled Tuesday Blitz June 20 Early 2023"]
[White "Anuj Shrivatri"]
[Black "Papayan, Oleg"]
[WhiteFideId "35070924"]
[BlackFideId "4193911"]
[WhiteElo "2298"]
[BlackElo "2167"]
[Result "1-0"]
[Round "3"]
[TimeControl "180+2"]
[Date "2023.06.20"]
[WhiteClock "0:00:35"]
[BlackClock "0:00:06"]
[Board "97"]

1. Nf3 Nf6 2. b3 c5 3. c4 Nc6 4. Bb2 d5 5. cxd5 Nxd5 6. Nc3 Nc7 7. Rc1 Bg4 8. Ne4 b6 9. d4 Bxf3 10. exf3 Nxd4 11. Bxd4 cxd4 12. Rxc7 Qxc7 13. Bb5+ Kd8 14. Qxd4+ Kc8 15. O-O a6 16. Qd5 Ra7 17. Qd2 e6 18. Rc1 Bc5 19. b4 axb5 20. bxc5 Rd8 21. Qe2 Kb8 22. Qxb5 Ra5 23. Qb2 Rxc5 24. Nxc5 Qxc5 25. g3 Qd4 26. Qc2 Qd7 27. Qxh7 g6 28. Qg7 Rc8 29. Qe5+ Ka7 30. Rb1 Rc5 31. Qf4 Ra5 32. Qb4 Qc7 33. Rb2 Qc5 34. Qd2 Qd5 35. Qe2 Ra3 36. Kg2 Rd3 37. a4 Ra3 38. Rb5 Qc6 39. Qd1 Rc3 40. Rb4 Rc4 41. Rxc4 Qxc4 42. Qd7+ Ka6 43. h4 f5 44. Qe8 Ka5 45. Qxg6 Kxa4 46. h5 b5 47. h6 b4 48. Qg7 Qc3 49. Qxc3 bxc3 50. h7 c2 51. h8=Q c1=Q 52. Qe8+ Kb4 53. Qxe6 Qc2 54. Qd6+ Kc4 55. Qc6+ Kd3 56. Qxc2+ Kxc2 57. g4 fxg4 58. fxg4 Kd3 59. g5 Ke4 60. g6 Kf5 61. g7 Kg6 62. g8=Q+ Kh6 63. Kg3 Kh5 64. Kf4 Kh6 65. Kf5 Kh5 66. Qg5# 1-0


[Site "https://www.chess.com"]

[Event "Titled Tuesday Blitz June 20 Early 2023"]
[White "Vovk, Orest"]
[Black "Pacan-Milej, Kosma"]
[WhiteFideId "14113490"]
[BlackFideId "21800537"]
[WhiteElo "2215"]
[BlackElo "2302"]
[Result "1-0"]
[Round "3"]
[TimeControl "180+2"]
[Date "2023.06.20"]
[WhiteClock "0:00:43"]
[BlackClock "0:00:00"]
[Board "98"]

1. g4 d5 2. h3 c5 3. Bg2 Nc6 4. c4 d4 5. Bxc6+ bxc6 6. Qa4 Bd7 7. d3 e5 8. Nf3 Bd6 9. Nbd2 Nf6 10. g5 Nh5 11. Ne4 Qe7 12. Qa5 O-O 13. b3 f5 14. gxf6 Nxf6 15. Nfd2 Bf5 16. Nxd6 Qxd6 17. Ba3 Nd7 18. f3 Qg6 19. O-O-O Qg2 20. Rde1 Nf6 21. Bxc5 Rfe8 22. Rhg1 Qf2 23. Qc7 Bg6 24. Ne4 Nxe4 25. fxe4 Rac8 26. Qd7 Rcd8 27. Qg4 a5 28. Kd1 Qf7 29. Ref1 Qb7 30. h4 a4 31. b4 Qd7 32. Qg5 Qh3 33. Rf3 Qh2 34. Rfg3 Qf2 35. h5 1-0


[Site "https://www.chess.com"]

[Event "Titled Tuesday Blitz June 20 Early 2023"]
[White "Baches Garcia, Guillermo"]
[Black "Florescu, Codrut-Constantin"]
[WhiteFideId "2209764"]
[BlackFideId "1202200"]
[WhiteElo "2481"]
[BlackElo "2191"]
[Result "0-1"]
[Round "3"]
[TimeControl "180+2"]
[Date "2023.06.20"]
[WhiteClock "0:00:00"]
[BlackClock "0:01:28"]
[Board "99"]

1. e4 c5 2. Nf3 e6 3. d4 cxd4 4. Nxd4 a6 5. c4 Nf6 6. Nc3 Bb4 7. Qc2 Qc7 8. a3 Bc5 9. Nb3 Ba7 10. Be2 h5 11. h3 Nc6 12. c5 b6 13. cxb6 Bxb6 14. O-O Ng4 15. Bxg4 hxg4 16. Nd5 exd5 17. exd5 gxh3 18. dxc6 hxg2 19. Kxg2 Qh2+ 20. Kf3 Rh3+ 21. Ke2 Qe5+ 22. Kd1 Qd5+ 23. Nd2 dxc6 24. Qe4+ Be6 25. Qxd5 Bxd5 26. Kc2 O-O-O 27. b4 Be6 28. Ne4 Bf5 0-1


[Site "https://www.chess.com"]

[Event "Titled Tuesday Blitz June 20 Early 2023"]
[White "Timerkhanov, Alexander"]
[Black "Luna Javier, Edgar Froylan"]
[WhiteFideId "24177938"]
[BlackFideId "5120101"]
[WhiteElo "2278"]
[BlackElo "2091"]
[Result "1-0"]
[Round "3"]
[TimeControl "180+2"]
[Date "2023.06.20"]
[WhiteClock "0:01:06"]
[BlackClock "0:00:15"]
[Board "100"]

1. d4 Nf6 2. Bg5 d5 3. Nd2 Nbd7 4. Ngf3 h6 5. Bh4 g5 6. Bg3 Bg7 7. e3 Nf8 8. Bd3 Bg4 9. c4 Bh5 10. h4 g4 11. Ne5 N8d7 12. Qb3 dxc4 13. Ndxc4 Nb6 14. Rc1 O-O 15. O-O c6 16. a4 Nbd5 17. Qxb7 Rb8 18. Qxa7 Nb4 19. Bb1 Nfd5 20. Nd3 Ra8 21. Qc5 Rxa4 22. Nxb4 Nxb4 23. Qxh5 1-0


[Site "https://www.chess.com"]

[Event "Titled Tuesday Blitz June 20 Early 2023"]
[White "Flynn, Jacob"]
[Black "Souleidis, Georgios"]
[WhiteFideId "2509393"]
[BlackFideId "4206827"]
[WhiteElo "2053"]
[BlackElo "2401"]
[Result "0-1"]
[Round "3"]
[TimeControl "180+2"]
[Date "2023.06.20"]
[WhiteClock "0:00:10"]
[BlackClock "0:00:05"]
[Board "101"]

1. d4 Nf6 2. c4 g6 3. Nc3 Bg7 4. e4 d6 5. Be2 O-O 6. Nf3 e5 7. d5 a5 8. Bg5 h6 9. Be3 Ng4 10. Bd2 f5 11. h3 Nf6 12. exf5 gxf5 13. Qc1 Kh7 14. g4 Na6 15. Qc2 Ng8 16. gxf5 Nb4 17. Qb3 Bxf5 18. Rc1 e4 19. Nh2 Qh4 20. Be3 b6 21. Kd2 Nd3 22. Rcg1 Rf7 23. Rg2 Nf4 24. Rg3 Be5 25. Ng4 Nxe2 26. Nxe5 Nxg3 27. fxg3 Qxg3 28. Nxf7 Qg2+ 29. Ne2 Qxh1 30. Qc3 Rf8 31. Qh8+ Kg6 32. Nxh6 Qg2 33. Nxg8 Bxh3 34. Qh6+ Kf7 35. Nf6 Ke7 36. Nh7 Rf7 37. Ng5 Bg4 38. Nxf7 Qxe2+ 39. Kc3 Qd3# 0-1


[Site "https://www.chess.com"]

[Event "Titled Tuesday Blitz June 20 Early 2023"]
[White "Vlassov, Nikolai"]
[Black "Santos Flores, Alberto"]
[WhiteFideId "4103360"]
[BlackFideId "3601234"]
[WhiteElo "2324"]
[BlackElo "2235"]
[Result "1-0"]
[Round "3"]
[TimeControl "180+2"]
[Date "2023.06.20"]
[WhiteClock "0:01:56"]
[BlackClock "0:00:30"]
[Board "102"]

1. e4 e6 2. c4 d5 3. cxd5 exd5 4. Qb3 c6 5. Nc3 Nf6 6. e5 Nfd7 7. d4 Be7 8. Bd3 O-O 9. Qc2 h6 10. f4 b6 11. Nf3 Ba6 12. O-O Bxd3 13. Qxd3 f5 14. e6 Nf6 15. Qxf5 Ne4 16. Qg4 Bf6 17. f5 Nxc3 18. bxc3 Kh8 19. Ne5 Bxe5 20. dxe5 c5 21. f6 gxf6 22. Bxh6 1-0


[Site "https://www.chess.com"]

[Event "Titled Tuesday Blitz June 20 Early 2023"]
[White "Seemann, Jakub"]
[Black "Nikolova, Adriana"]
[WhiteFideId "21874697"]
[BlackFideId "2908689"]
[WhiteElo "2364"]
[BlackElo "2213"]
[Result "1/2-1/2"]
[Round "3"]
[TimeControl "180+2"]
[Date "2023.06.20"]
[WhiteClock "0:00:22"]
[BlackClock "0:00:12"]
[Board "103"]

1. c4 e5 2. Nc3 Nf6 3. e3 d5 4. cxd5 Nxd5 5. Nf3 Nc6 6. Bb5 Nxc3 7. bxc3 Bd6 8. d4 e4 9. Nd2 Qg5 10. g3 Qxb5 11. Nxe4 O-O 12. Qb3 Qd3 13. Nd2 Bg4 14. Qc4 Qc2 15. O-O Be6 16. d5 Ne5 17. Qb5 a6 18. Qe2 Bxd5 19. Qh5 g6 20. Qh6 Nf3+ 21. Nxf3 Bxf3 22. c4 Be2 23. Re1 Be5 24. Ba3 Bg7 25. Qf4 Bxa1 26. Bxf8 Rxf8 27. Rxa1 Qxc4 28. Qf6 Qe4 29. h4 Bb5 30. Kh2 Bc6 31. Rg1 Re8 32. h5 Qf3 33. Qxf3 Bxf3 34. h6 Re5 35. g4 Rg5 36. Rc1 c5 37. Kg3 Bxg4 38. f4 Rh5 39. Kxg4 Rxh6 40. Rxc5 Rh2 41. a4 Ra2 42. a5 Kg7 43. e4 Ra4 44. e5 h6 45. Kf3 h5 46. Rc7 Kg8 47. Rc5 Kf8 48. Rc8+ Ke7 49. Rc7+ Ke6 50. Rxb7 Ra3+ 51. Ke4 Ra4+ 52. Kf3 Rxa5 53. Rb6+ Ke7 54. Rb7+ Kf8 55. Rb8+ Kg7 56. Rb7 Ra3+ 57. Ke4 Kg8 58. Rb8+ Kg7 59. Rb7 Ra4+ 60. Kf3 Ra3+ 61. Ke4 1/2-1/2


[Site "https://www.chess.com"]

[Event "Titled Tuesday Blitz June 20 Early 2023"]
[White "Domingo Nunez, Alejandro"]
[Black "DanyKopy"]
[WhiteFideId "22245561"]
[WhiteElo "2291"]
[BlackElo "2474"]
[Result "1-0"]
[Round "3"]
[TimeControl "180+2"]
[Date "2023.06.20"]
[WhiteClock "0:00:39"]
[BlackClock "0:00:09"]
[Board "104"]

1. Nf3 d5 2. g3 c6 3. Bg2 Bg4 4. O-O Nd7 5. h3 Bxf3 6. Bxf3 Ngf6 7. Bg2 e6 8. d3 Bd6 9. e4 O-O 10. Qe2 e5 11. f4 Re8 12. f5 h6 13. Nc3 d4 14. Nd1 c5 15. Nf2 b5 16. h4 Nh7 17. Qh5 Rc8 18. a4 a6 19. axb5 axb5 20. Ra6 Bf8 21. Ng4 Nhf6 22. Nxf6+ Nxf6 23. Qf3 Nd7 24. Qf2 Be7 25. Bh3 Ra8 26. Rxa8 Qxa8 27. g4 Qd8 28. f6 gxf6 29. Bxh6 Bf8 30. Bd2 c4 31. g5 fxg5 32. Qxf7+ Kh8 33. Bxg5 Re7 34. Bxe7 1-0


[Site "https://www.chess.com"]

[Event "Titled Tuesday Blitz June 20 Early 2023"]
[White "Martic, Ivan"]
[Black "Toncheva, Nadya"]
[WhiteFideId "929301"]
[BlackFideId "2924056"]
[WhiteElo "2346"]
[BlackElo "2101"]
[Result "1/2-1/2"]
[Round "3"]
[TimeControl "180+2"]
[Date "2023.06.20"]
[WhiteClock "0:00:11"]
[BlackClock "0:00:07"]
[Board "105"]

1. d4 d5 2. Nf3 Nf6 3. Bf4 c5 4. e3 Nc6 5. Nbd2 Qb6 6. dxc5 Qxb2 7. c4 dxc4 8. Bxc4 e6 9. O-O Bxc5 10. e4 O-O 11. e5 Nd5 12. Bg5 Nxe5 13. Rb1 Nxf3+ 14. Nxf3 Qa3 15. Rb3 Qa4 16. Bxd5 exd5 17. Qxd5 Be6 18. Qxc5 Bxb3 19. axb3 Qxb3 20. h4 a5 21. Be7 Rfe8 22. Nd4 Qd3 23. Nf5 Rac8 24. Qxa5 Qc3 25. Qd5 Qc6 26. Qe5 Qc3 27. Qf4 Rc4 28. Qg5 Rc6 29. h5 h6 30. Qg4 Qe5 31. Rd1 Rxe7 32. Nxe7+ Qxe7 33. Rd7 Rc1+ 34. Kh2 Qe5+ 35. g3 Qf6 36. Qe2 Rc8 37. Rxb7 Kh7 38. Re7 Qf5 39. Kg2 Qd5+ 40. Kh2 Rc5 41. Qe4+ Qxe4 42. Rxe4 Rxh5+ 43. Kg2 Ra5 44. Rc4 Kg6 45. Rb4 f6 46. Rc4 Rb5 47. Rd4 h5 48. Rc4 Rb7 49. Rd4 Rb2 50. Rc4 Kf5 51. Rd4 g5 52. Rd5+ Kg6 53. Rd4 Ra2 54. Rc4 Kf5 55. Rc5+ Kg6 56. Rc4 Rd2 57. Rb4 Ra2 58. Rc4 1/2-1/2


[Site "https://www.chess.com"]

[Event "Titled Tuesday Blitz June 20 Early 2023"]
[White "Jakubowski, Krzysztof"]
[Black "Zaitsev, Alexander"]
[WhiteFideId "1112848"]
[BlackFideId "4164490"]
[WhiteElo "2359"]
[BlackElo "2373"]
[Result "0-1"]
[Round "3"]
[TimeControl "180+2"]
[Date "2023.06.20"]
[WhiteClock "0:00:07"]
[BlackClock "0:00:44"]
[Board "106"]

1. c4 Nf6 2. g3 e6 3. Bg2 d5 4. Nf3 dxc4 5. O-O Nbd7 6. Qc2 Nb6 7. a4 a5 8. Rd1 Bd6 9. Na3 O-O 10. Nxc4 Nxc4 11. Qxc4 e5 12. d3 c6 13. Bd2 Be6 14. Qc2 Qb6 15. Be3 Qb3 16. Qc1 Nd5 17. Nd2 Qb4 18. Ne4 Nxe3 19. Qxe3 Be7 20. Qd2 Qb6 21. Qc3 f6 22. Rdc1 Bb4 23. Qc2 Rfd8 24. h4 Rac8 25. Nc5 Bf7 26. Ne4 h6 27. Nd2 Kh8 28. Bh3 Rc7 29. Nc4 Qc5 30. Qd1 e4 31. Ne3 Qe5 32. Qc2 exd3 33. exd3 Bg6 34. Rd1 Bc5 35. Nc4 Qxg3+ 36. Bg2 Rxd3 37. Rf1 Be4 0-1


[Site "https://www.chess.com"]